Map: King's Cove LE

Players

TcUltimate

  • Race: Protoss Protoss
  • League: Grandmaster
  • Spawn Location: 5:00

Moja - Winner!

  • Race: Terran Terran
  • League: Grandmaster
  • Spawn Location: 11:00

VOD

Have the link to the VOD?

Description

Time

  • Played on: April 9, 2025, 4:56 p.m.
  • Length: 6:08
Show
View Real Time Build Order
Export as new Build Order

TcUltimate Protoss 

Build Orders: 1 Gate Expand, Blink Stalkers 

Get SALT Encoding   

  12  0:01  Probe  
  13  0:13  Probe  
  14  0:19  Pylon  
  14  0:25  Probe  
  15  0:33  Probe  
  15  0:38  Gateway  
  15  0:41  Probe  
  17  0:52  Assimilator, Probe  
  18  1:01  Probe  
  18  1:09  Probe  
  20  1:18  Probe  
  21  1:26  Cybernetics Core  
  21  1:30  Probe  
  22  1:43  Nexus  
  22  1:52  Probe, Pylon  
  23  2:02  Adept, Warp Gate  
  23  2:07  Assimilator  
  23  2:10  Probe  
  25  2:22  Probe  
  26  2:25  Twilight Council  
  26  2:30  Adept  
  26  2:34  Probe  
  29  2:46  Probe  
  30  2:53  Probe  
  30  2:58  Probe  
  32  3:01  Probe  
  32  3:04  Blink  
  33  3:09  Probe  
  33  3:10  Probe  
  34  3:19  Robotics Facility  
  35  3:21  Gateway  
  35  3:22  Probe  
  35  3:23  Probe  
  35  3:34  Probe  
  35  3:35  Probe  
  34  3:44  Probe  
  34  3:46  Probe  
  32  3:52  Probe  
  32  3:55  Probe  
  32  4:01  Probe  
  34  4:03  Probe  
  34  4:07  Observer  
  37  4:11  Probe  
  37  4:13  Probe  
  39  4:19  Probe  
  39  4:20  Nexus  
  40  4:25  Probe  
  40  4:28  Probe  
  40  4:29  Observer, Pylon  
  43  4:39  Probe  
  43  4:40  Probe  
  45  4:50  Stalker x2  
  45  4:51  Probe  
  45  4:52  Probe  
  51  5:02  Gateway  
  51  5:05  Pylon  
  51  5:07  Gateway  
  51  5:13  Probe  
  51  5:14  Probe  
  53  5:18  Gateway  
  53  5:25  Probe  
  53  5:26  Probe  
  55  5:29  Stalker  
  55  5:30  Stalker  
  55  5:34  Probe  
  55  5:35  Probe x2  
  61  5:43  Probe  
  63  5:55  Stalker x2  
  64  6:00  Stalker  
  64  6:03  Zealot  
Show
View Real Time Build Order
Export as new Build Order

Moja Terran - Winner!

Build Orders: Gas First Reaper Expand 

Get SALT Encoding   

  12  0:00  SCV  
  13  0:12  SCV  
  14  0:17  Supply Depot  
  14  0:24  SCV  
  14  0:28  Refinery  
  15  0:39  SCV  
  16  0:45  Barracks  
  16  0:51  SCV  
  17  1:03  SCV  
  18  1:15  SCV  
  19  1:33  Orbital Command, Reaper  
  20  1:45  Command Center  
  20  1:55  Factory  
  20  1:59  SCV  
  21  2:07  Reaper  
  22  2:08  Supply Depot  
  22  2:13  SCV  
  23  2:17  Refinery  
  23  2:30  SCV  
  24  2:39  Hellion  
  24  2:41  Barracks Reactor  
  24  2:42  SCV  
  27  2:53  Starport  
  27  2:55  SCV  
  27  2:56  Orbital Command  
  28  3:03  Widow Mine  
  30  3:07  SCV  
  31  3:18  Marine  
  31  3:19  SCV, Marine  
  34  3:34  Medivac  
  34  3:38  SCV x2  
  36  3:48  Marine x2  
  37  3:49  Widow Mine  
  37  3:50  SCV  
  37  3:51  SCV  
  37  3:52  Supply Depot  
  40  4:02  SCV  
  41  4:03  SCV  
  41  4:05  Liberator  
  41  4:07  Marine  
  46  4:10  Supply Depot  
  46  4:11  Factory Tech Lab  
  46  4:14  Marine  
  46  4:15  SCV x2  
  49  4:25  Marine  
  49  4:27  Supply Depot  
  49  4:28  SCV x2  
  52  4:32  Siege Tank, Marine  
  52  4:33  Supply Depot  
  56  4:40  SCV x2  
  58  4:48  Marine  
  58  4:49  Marine  
  60  4:52  SCV  
  60  4:53  SCV  
  60  4:57  Command Center  
  62  5:02  Supply Depot  
  62  5:03  Refinery  
  62  5:05  SCV x2  
  62  5:06  Siege Tank, Marine  
  68  5:07  Marine  
  68  5:10  Barracks  
  69  5:17  SCV x2, Starport Tech Lab  
  69  5:19  Barracks  
  69  5:20  Engineering Bay  
  71  5:27  Marine x2  
  73  5:29  SCV  
  74  5:37  SCV  
  74  5:42  SCV  
  76  5:47  Starport Reactor, Factory Reactor  
  76  5:49  SCV  
  77  5:52  Refinery  
  77  5:54  SCV  
  80  6:00  Barracks  
  82  6:07  Barracks  
Tags
 
Add a new tag
Caveats
  • Supply blocks, unpowered buildings, or Contaminate may cause inaccurate times.
  • Supply counts are checked every 10 seconds.